 Dungeon Crawl Stone Soup version 0.28-a0-1212-gc6b4282bc0 (webtiles) character file.

Game seed: 13965869824271360081

89 Fortus the Chopper (level 4, -5/35 HPs)
             Began as a Formicid Fighter on Dec 21, 2021.
             Slain by Natasha (7 damage)
             ... on level 2 of the Dungeon.
             The game lasted 00:01:49 (1194 turns).

Fortus the Chopper (Formicid Fighter)               Turns: 1194, Time: 00:01:50

Health: -5/35      AC:  9    Str: 22    XL:     4   Next: 84%
Magic:  4/4        EV:  8    Int:  8    God:
Gold:   71         SH:  4    Dex: 10    Spells: 3/3 levels left

rFire   . . .      SeeInvis +   a - +0 war axe
rCold   . . .      Faith    .   c - +0 buckler
rNeg    . . .      Spirit   .   i - +0 chain mail
rPois   .          Reflect  .   (helmet unavailable)
rElec   .          Harm     .   (no cloak)
rCorr   .          Rampage  .   (no gloves)
Will    .....                   (no boots)
Stlth   ..........              (no amulet)
HPRegen 0.11/turn               (no ring)
MPRegen 0.09/turn               (no ring)

@: no status effects
A: permanent stasis, dig shafts and tunnels, antennae 3, four strong arms
a: Dig, Shaft Self


You were on level 2 of the Dungeon.
You visited 1 branch of the dungeon, and saw 2 of its levels.

You collected 71 gold pieces.

Inventory:

Hand Weapons
 a - a +0 war axe (weapon)
Armour
 b - a +0 scale mail
 c - a +0 buckler (worn)
 i - a +0 chain mail (worn)
Scrolls
 f - a scroll of teleportation {unknown}
 g - a scroll of magic mapping {unknown}
 j - a scroll of holy word {unknown}
Potions
 d - a potion of might
 e - a potion of mutation {unknown}
 h - a potion of heal wounds {unknown}
 k - a potion of curing {unknown}


   Skills:
 - Level 3.2 Fighting
 * Level 4.2 Axes
 + Level 3.8 Armour
 - Level 3.6 Shields


You had 3 spell levels left.
You didn't know any spells.
Your spell library was empty.

Dungeon Overview and Level Annotations

Branches:
Dungeon (2/15)

Altars:

Annotations:
D:2 Natasha


Innate Abilities, Weirdness & Mutations

You cannot be hasted, slowed, berserked, paralysed or teleported.
You can dig through walls and to a lower floor.
You have a pair of large antennae on your head. (SInv)
Your four strong arms can wield two-handed weapons with a shield.


Message History

You slash the goblin!
You kill the goblin!
Natasha, Servant of Life and Death comes into view.
You block Natasha's attack.
Items here: ))))) [[ ††††.
You barely miss Natasha. Natasha casts a spell at you.
Your stasis prevents you from being slowed.
You completely miss Natasha. Natasha claws you.
You miss Natasha. Natasha barely misses you.
Natasha stares at you and mumbles some strange words.
The magic dart hits you.
You barely miss Natasha. Natasha claws you.
You barely miss Natasha. Natasha casts a spell at you.
You resist with some effort.
You slash Natasha!
Natasha is almost dead.
Natasha casts a spell at you. The magic dart hits you! Natasha claws you.
* * * LOW HITPOINT WARNING * * *
You barely miss Natasha.
Natasha is almost dead.
You block Natasha's attack.
You barely miss Natasha.
Natasha is almost dead.
Natasha claws you but does no damage.
You closely miss Natasha.
Natasha is almost dead.
You block Natasha's attack.
You closely miss Natasha.
Natasha is almost dead.
Natasha claws you!
* * * LOW HITPOINT WARNING * * *
Natasha stares at you and mumbles some strange words.
You resist with some effort.
You closely miss Natasha.
Natasha is almost dead.
Natasha claws you!
You die...

###.... .. ....#
.#####.
...######....#.
.......... ...
#.######## #.#
#... ##.### #####
##....#
#.###..##.#####
#.......#).@h.#
#####.#..####.#
#.##.# .#
###.##.# ..
########...##..
#.
.........#####..{
. .######### ###
.# ##


You could see Natasha.

Vanquished Creatures
  Natasha (D:2)
  Robin (D:2)
  A dart slug (D:1)
  3 ball pythons
  5 bats (D:1)
  An endoplasm (D:1)
  6 giant cockroaches
  11 goblins
  8 hobgoblins
  5 kobolds
  A quokka (D:1)
  2 frilled lizards (D:1)
  2 rats (D:1)
47 creatures vanquished.

Vanquished Creatures (others)
  A fungus (D:1)
  A plant (D:1)
2 creatures vanquished.

Grand Total: 49 creatures vanquished

Notes
Turn   | Place    | Note
-------+----------+-------------------------------------------
     0 | D:1      | Fortus the Formicid Fighter began the quest for the Orb.
     0 | D:1      | Reached XP level 1. HP: 18/18 MP: 1/1
    92 | D:1      | Reached XP level 2. HP: 24/24 MP: 2/2
   124 | D:1      | Found a faded altar of an unknown god.
   169 | D:1      | Reached skill level 3 in Axes
   276 | D:1      | Reached XP level 3. HP: 29/29 MP: 3/3
   840 | D:2      | Noticed Natasha
   854 | D:2      | Killed Natasha
   855 | D:2      | Reached XP level 4. HP: 15/35 MP: 4/4
  1099 | D:2      | Reached skill level 4 in Axes
  1166 | D:2      | Identified the +1 helmet "Kecysk" {rF+}
  1166 | D:2      | Noticed Robin
  1178 | D:2      | Killed Robin
  1182 | D:2      | Noticed Natasha
  1194 | D:2      | Slain by Natasha

Illustrated notes

Levels and vault maps discovered:
D:1:      dpeg_arrival_line_fractal, layout_loops_ring,
          shapermc_ecumenical_altar_mp_ritualfount
D:2:      layout_rooms, minmay_worlds_worst_comb, uniq_natasha, uniq_robin

Skill      XL: |  1  2  3  4 |
---------------+-------------+-----
Axes           | 3 4 |  4.2
Fighting       | |  3.2
Armour         | |  3.8
Shields        | |  3.6

Action                   |  1- 3 |  4- 6 || total
-------------------------+-------+-------++-------
Melee: War axe           |    79 |    43 ||   122
 Abil: Dig               |     1 |     1 ||     2
Armor: Scale mail        |    25 |       ||    25
       Chain mail        |    17 |    22 ||    39
Dodge: Dodged            |    33 |    13 ||    46
Block: Buckler           |    17 |    11 ||    28

Table legend: (Time is in decaauts)
 A = Elapsed time spent in this place.
 B = Non-inter-level travel time spent in this place.
 C = Inter-level travel time spent in this place.
 D = Time resting spent in this place.
 E = Time spent auto-exploring this place.
 F = Levels seen in this place.
 G = Mean time per level.
                   A        B        C        D        E       F      G
               +--------+--------+--------+--------+--------+-----+--------+
         Total |   1234 |   1203 |     31 |    175 |    740 |   2 |  617.0 |
       Dungeon |   1234 |   1203 |     31 |    175 |    740 |   2 |  617.0 |
               +--------+--------+--------+--------+--------+-----+--------+

Top non-repeatable levels by time:
     D:1: 775 daAuts
     D:2: 459 daAuts
